[Event "*** SCC Grand Prix: Titled Tuesday Blitz"]
[Site "Chess.com"]
[Date "2020.09.08"]
[Round "9"]
[White "denispopov"]
[Black "tteshan"]
[Result "1-0"]
[WhiteElo "2005"]
[BlackElo "2394"]
[TimeControl "180+1"]
[EndTime "11:46:29 PDT"]
[Termination "denispopov won by resignation"]

1. e4 d5 2. exd5 Qxd5 3. Nc3 Qa5 4. d4 c6 5. Be3 Nf6 6. Nf3 Bg4 7. Be2 e6 8. O-O Nbd7 9. h3 Bh5 10. Bd2 Qc7 11. Nb1 Bd6 12. c3 O-O 13. Be3 Rad8 14. Nbd2 e5 15.
dxe5 Nxe5 16. Nxe5 Bxe2 17. Qxe2 Bxe5 18. Nf3 Rfe8 19.
Nxe5 Rxe5 20. Qf3 Qe7 21. Rad1 Re8 22. Bf4 Re2 23. Rd2 Nd5 24. Rfd1 Re1+ 25. Rxe1 Qxe1+ 26. Kh2 h6 27. c4 Nf6 28. Rc2 Qb1 29. Rd2 Ne4 30.
Re2 Kh7 31. Qg4 Nf6 32. Qf3 Rxe2 33. Qxe2 Qxa2 34. Qc2+ Kh8 35. Be5 Nd7 36. Bc3 Qa6 37. Qd2 Nf8 38. Qxh6+ 1-0

[Event "*** SCC Grand Prix: Titled Tuesday Blitz"]
[Site "Chess.com"]
[Date "2020.09.08"]
[Round "9"]
[White "LubovMarkelova"]
[Black "Happy1712Drummer"]
[Result "1-0"]
[WhiteElo "2251"]
[BlackElo "2399"]
[TimeControl "180+1"]
[EndTime "11:46:33 PDT"]
[Termination "LubovMarkelova won by resignation"]

1. Nf3 Nf6 2. c4 g6 3. Nc3 Bg7 4. e4 d6 5. d4 Bg4 6. Be3 O-O 7. Rc1 Nfd7 8. Be2 Nc6 9. O-O e5 10. d5 Bxf3 11. Bxf3 Nd4 12. Nb5 Nxf3+ 13. Qxf3 f5 14. exf5 gxf5 15. Qh3 a6 16. Nc3 Qf6 17. f4 e4 18. Ne2 Qxb2 19. Ng3 Qf6 20. Nh5 Qg6 21. Rfd1 Bh8 22. c5 dxc5 23. Bxc5 Nxc5 24. Rxc5 Qb6 25. Qg3+ Kf7 26. Qf2 Rac8 27. d6 Kg8 28. Rxc7 Qxf2+ 29. Kxf2 Rfd8 30. Ng3 Rb8 31. Nxf5 Bf6 32. Nh6+ 1-0

[Event "*** SCC Grand Prix: Titled Tuesday Blitz"]
[Site "Chess.com"]
[Date "2020.09.08"]
[Round "9"]
[White "Jumbo"]
[Black "CHESSMASTER759"]
[Result "1-0"]
[WhiteElo "2761"]
[BlackElo "2615"]
[TimeControl "180+1"]
[EndTime "11:46:34 PDT"]
[Termination "Jumbo won by resignation"]

1. d4 Nf6 2. Bf4 e6 3. e3 b6 4. Nf3 c5 5. Nbd2 cxd4 6. exd4 Bb7 7. a4 a6 8. c3 Be7 9. Bd3 O-O 10. O-O d6 11. Re1 Nbd7 12. h3 Re8 13. Qe2 Bf8 14. Qf1 e5 15. dxe5 dxe5 16. Nxe5 Nxe5 17. Bxe5 Qd5 18.
Bxf6 gxf6 19. Be4 Qxd2 20. Bxb7 Rab8 21. Bxa6 Qxb2 22. Qd3 Bc5 23. Qf3 Kg7 24. Bd3 Qd2 25.
Red1 Qg5 26. Kf1 Kh8 27. g3 Rbd8 28. h4 Qe5 29. Bb5 Rf8 30. Re1 Qd6 31. Rad1 Qc7 32.
Qxf6+ Kg8 33. Qf5 Rxd1 34. Rxd1 Kg7 35. Rd7 Qc8 36. Bd3 1-0

[Event "*** SCC Grand Prix: Titled Tuesday Blitz"]
[Site "Chess.com"]
[Date "2020.09.08"]
[Round "9"]
[White "skoularikii"]
[Black "ShapkinAnatoliy"]
[Result "1-0"]
[WhiteElo "2503"]
[BlackElo "2642"]
[TimeControl "180+1"]
[EndTime "11:46:34 PDT"]
[Termination "skoularikii won on time"]

1. e4 e5 2. Nf3 Nc6 3. Bc4 Bc5 4. Nc3 Nf6 5. d3 d6 6. Ne2 Be6 7. Bb3 h6 8. Ng3 Qd7 9. h3 d5 10. Qe2 O-O-O 11. O-O Rhe8 12. Ba4 dxe4 13. Nxe5 exd3 14.
cxd3 Qd6 15. Nxc6 Bd5 16. Ne4 Nxe4 17. Nxd8 b5 18. dxe4 c6 19. Qg4+ Kxd8 20. exd5 bxa4 21. dxc6 Kc7 22. Bf4 Re5 23. Qxg7 Bd4 24. Qxf7+ Kb6 25. Bxe5 Bxe5 26. Qb7+ Ka5 27. Qxa7+ Kb5 28. c7 1-0

[Event "*** SCC Grand Prix: Titled Tuesday Blitz"]
[Site "Chess.com"]
[Date "2020.09.08"]
[Round "9"]
[White "Goryachkina"]
[Black "GameOverBro"]
[Result "1-0"]
[WhiteElo "2598"]
[BlackElo "2461"]
[TimeControl "180+1"]
[EndTime "11:46:36 PDT"]
[Termination "Goryachkina won by resignation"]

1. e4 d6 2. d4 Nf6 3. Nc3 e5 4. Nf3 Nbd7 5. Bc4 Be7 6. O-O h6 7. a4 c6 8. Re1 Qc7 9. h3 Nf8 10.
b4 Ng6 11. Bb2 O-O 12. a5 Bd7 13. Bb3 Rad8 14. Qd2 Nh5 15. Rad1 Nhf4 16. Ne2 Bf6 17. Qe3 b6 18. Nxf4 Nxf4 19. axb6 axb6 20. Rd2 c5 21. bxc5 bxc5 22. dxc5 dxc5 23. Red1 c4 24. Bxc4 Qxc4 25. Rxd7 Rxd7 26. Rxd7 Qxc2 27. Bxe5 Bxe5 28. Nxe5 g5 29. Kh2 Qb2 30. Ng4 Qb8 31. e5 h5 32. Nf6+ Kg7 33. Nxh5+ Kg6 34. Nxf4+ gxf4 35. Qxf4 Qb6 36. Rd6+ 1-0

[Event "*** SCC Grand Prix: Titled Tuesday Blitz"]
[Site "Chess.com"]
[Date "2020.09.08"]
[Round "9"]
[White "nitpicker"]
[Black "Ole83"]
[Result "0-1"]
[WhiteElo "2212"]
[BlackElo "2343"]
[TimeControl "180+1"]
[EndTime "11:46:36 PDT"]
[Termination "Ole83 won by resignation"]

1. d4 Nf6 2. c4 e6 3. Nf3 c5 4. d5 exd5 5. cxd5 d6 6. Nc3 g6 7. h3 Bg7 8. e4 O-O 9. Bd3 a6 10. a4 Re8 11. O-O Nh5 12. g4 Nf6 13. Bf4 Qc7 14. Kg2 Nbd7 15. Rc1 c4 16. Bb1 Nc5 17.
Re1 Nfd7 18. Be3 Ne5 19. Nxe5 Bxe5 20. f3 Bd7 21. Qe2 b5 22. axb5 axb5 23. Bf2 Bg7 24. Nd1 Nb3 25. Rc2 Ra1 26. Ne3 Nd4 27. Qd2 Nxc2 28.
Bxc2 Rxe1 29. Qxe1 Ra8 30. Qb4 Qc5 31. Qxc5 dxc5 32.
Nd1 Bxb2 33. Bxc5 Bg7 34. f4 Ra2 35. Ne3 b4 36. Bxb4 Bd4 37. Kf3 Bxe3 38. Bd1 Bd4 39. e5 Rf2+ 40. Ke4 Bb6 41. f5 0-1

[Event "*** SCC Grand Prix: Titled Tuesday Blitz"]
[Site "Chess.com"]
[Date "2020.09.08"]
[Round "9"]
[White "geordie_derraugh"]
[Black "Barcelona_Guy"]
[Result "0-1"]
[WhiteElo "2395"]
[BlackElo "2629"]
[TimeControl "180+1"]
[EndTime "11:46:37 PDT"]
[Termination "Barcelona_Guy won on time"]

1. e4 e6 2. d4 d5 3. Nd2 c5 4.
Ngf3 Nf6 5. exd5 Nxd5 6. c3 Nc6 7. Bb5 Bd7 8. O-O cxd4 9. Nxd4 Nxd4 10. Bxd7+ Qxd7 11. cxd4 Be7 12. Nf3 O-O 13. Ne5 Qb5 14. Qg4 Rfd8 15.
b3 Rac8 16. Re1 Rc2 17. Nxf7 Kxf7 18. Qxe6+ Ke8 19. Ba3 Qc6 20. Qe4 Qg6 21. Qe5 Qf6 22.
Qg3 Kf7 23. Bxe7 Nxe7 24. Re4 Rxd4 25. Rxd4 Qxd4 26. Re1 Qf6 27. h4 h5 28. Re3 Nf5 0-1

[Event "*** SCC Grand Prix: Titled Tuesday Blitz"]
[Site "Chess.com"]
[Date "2020.09.08"]
[Round "9"]
[White "kot60"]
[Black "novocane"]
[Result "1-0"]
[WhiteElo "2421"]
[BlackElo "2297"]
[TimeControl "180+1"]
[EndTime "11:46:38 PDT"]
[Termination "kot60 won by resignation"]

1. e4 c5 2. Nc3 Nc6 3. Bc4 g6 4. d3 Bg7 5. f4 e6 6. f5 exf5 7. Nf3 Nge7 8. O-O h6 9. Kh1 d6 10. Qe1 Be6 11. exf5 Bxf5 12. Nh4 Nd4 13. Nxf5 gxf5 14.
Qf2 Qd7 15. Nd5 Nxd5 16. Bxd5 O-O-O 17. c3 Nc6 18. Qxf5 Qxf5 19. Rxf5 Ne5 20. d4 cxd4 21.
cxd4 Nd3 22. Rxf7 Bxd4 23. Bxb7+ Kb8 24. Bf3 Rhe8 25. Bf4 Nf2+ 26. Kg1 Nd1+ 27. Kf1 Nxb2 28. Rb7+ Kc8 29. Rc1+ Bc5 30. Rxb2 Rf8 31. Bxd6 Rxd6 32. Rxc5+ Kd7 33. Rb7+ 1-0

[Event "*** SCC Grand Prix: Titled Tuesday Blitz"]
[Site "Chess.com"]
[Date "2020.09.08"]
[Round "9"]
[White "BJthechessgod"]
[Black "elegant285"]
[Result "1-0"]
[WhiteElo "2239"]
[BlackElo "2334"]
[TimeControl "180+1"]
[EndTime "11:46:39 PDT"]
[Termination "BJthechessgod won by resignation"]

1. e4 c6 2. d4 d5 3. Nc3 dxe4 4. Nxe4 Nf6 5. Nxf6+ exf6 6. c3 Bd6 7. Bd3 O-O 8.
Qc2 Re8+ 9. Ne2 h5 10. Be3 Be6 11. O-O-O Nd7 12. Kb1 b5 13. Ng3 Bg4 14. Rde1 Qa5 15. f3 Be6 16. a3 h4 17. Nf5 Bxf5 18. Bxf5 Nb6 19. Bc1 Nd5 20. Rxe8+ Rxe8 21. Bd7 Rd8 22. Bxc6 Ne7 23. Be4 Qc7 24. g3 hxg3 25. hxg3 Bxg3 26. Bh7+ Kf8 27. Bd3 g6 28. Bh6+ Kg8 29. Qg2 g5 30.
Qh3 Ng6 31. Bxg6 fxg6 32. Bxg5 Qg7 33. Qxg3 fxg5 34. Qxg5 Re8 35. Rh6 Re1+ 36. Kc2 Re2+ 37. Kd3 Re6 38. Qd8+ Kf7 39. Qd7+ Re7 40. Qd5+ Ke8 41.
Rh4 Qf8 42. Qa8+ Kf7 43. Rf4+ 1-0

[Event "*** SCC Grand Prix: Titled Tuesday Blitz"]
[Site "Chess.com"]
[Date "2020.09.08"]
[Round "9"]
[White "parnali1611"]
[Black "Machidon"]
[Result "0-1"]
[WhiteElo "2180"]
[BlackElo "2526"]
[TimeControl "180+1"]
[EndTime "11:46:40 PDT"]
[Termination "Machidon won by resignation"]

1. d4 Nf6 2. c4 e6 3. g3 d5 4.
Bg2 Be7 5. Nf3 O-O 6. O-O dxc4 7.
Qa4 a6 8. Qxc4 b5 9. Qc2 Bb7 10. Bd2 Nbd7 11. Ba5 Rc8 12. b4 Nb6 13. Nbd2 Bd6 14.
Rfd1 Qe7 15. a3 Nbd7 16. e4 e5 17. Re1 Rfe8 18. Rad1 g6 19. Qb2 exd4 20. Nxd4 c5 21. bxc5 Nxc5 22. Re3 Ng4 23. Re2 Na4 24. Qa1 Bxa3 25.
Bh3 Bb2 26. Qa2 h5 27. Bxg4 hxg4 28. N2b3 Bc3 29. Re3 Bxa5 30. Nxa5 Nc3 31. Rxc3 Rxc3 32. Qb2 Rc7 33. Nxb7 Rxb7 34. Nc6 Qxe4 35. Qf6 Qf3 36.
Qd6 Re6 37. Qd8+ Kh7 38. Qh4+ Kg7 39. Nd8 Qxd1+ 0-1

[Event "*** SCC Grand Prix: Titled Tuesday Blitz"]
[Site "Chess.com"]
[Date "2020.09.08"]
[Round "9"]
[White "Chessbard1972"]
[Black "gumimis"]
[Result "1-0"]
[WhiteElo "2336"]
[BlackElo "2186"]
[TimeControl "180+1"]
[EndTime "11:46:40 PDT"]
[Termination "Chessbard1972 won on time"]

1. d4 Nf6 2. Nf3 g6 3. c4 Bg7 4. g3 O-O 5. Bg2 c5 6. O-O cxd4 7. Qxd4 Nc6 8. Qh4 d6 9. Nc3 Be6 10. Bd2 Qb6 11. b3 Qc5 12. Ng5 Bf5 13. Nd5 h6 14. Nf3 Nxd5 15. cxd5 Qxd5 16. Bxh6 Bxh6 17. Qxh6 f6 18.
Ng5 Qxg2+ 19. Kxg2 fxg5 20. Qxg5 Kg7 21. f3 Rf6 22. g4 Bd7 23. Rad1 Raf8 24. h4 Rh8 25. h5 Kf7 26. Rh1 gxh5 27. Rxh5 Rg8 28. Rh7+ Kf8 29. Qh5 Ne5 30. Rh8 Rg6 31. Rxg8+ Rxg8 32.
Qh6+ Ke8 33. Rd4 Nf7 34. Qc1 Bc6 35. Kf2 Ne5 36. a4 Rh8 37. Kg3 Ng6 38. Rc4 Ne5 39.
Rc2 a6 40. Qf4 Ng6 41. Qf5 Ne5 42. Qc8+ Kf7 43. Qxh8 1-0

[Event "*** SCC Grand Prix: Titled Tuesday Blitz"]
[Site "Chess.com"]
[Date "2020.09.08"]
[Round "9"]
[White "PawnEatingZombie"]
[Black "Justinz"]
[Result "0-1"]
[WhiteElo "2184"]
[BlackElo "2413"]
[TimeControl "180+1"]
[EndTime "11:46:41 PDT"]
[Termination "Justinz won on time"]

1. d4 Nf6 2. c4 e6 3. Nc3 Bb4 4. Qc2 O-O 5. e4 d5 6. e5 Ne4 7. Bd3 c5 8. Nf3 cxd4 9. Nxd4 Nd7 10. Bf4 Ndc5 11. O-O Bxc3 12. bxc3 b6 13. Be2 Nd7 14. cxd5 exd5 15. Nb5 Ba6 16. f3 Nec5 17. Nd6 Bxe2 18. Qxe2 Ne6 19. Bg3 Qc7 20. Rac1 Ndc5 21. f4 d4 22. f5 d3 23. Qg4 Nd8 24. e6 fxe6 25.
f6 Qd7 26. fxg7 Rxf1+ 27. Rxf1 Qxg7 28. Qh5 Nc6 29. Rf7 Qg6 30. Qf3 d2 31. h4 Ne4 32.
Nxe4 Qxf7 33. Qxf7+ Kxf7 34. Nxd2 e5 35. Nf3 Re8 36.
Ng5+ Kg6 37. Kf2 h6 38. Ne4 Rd8 39. Ke3 Kf5 40. Be1 Na5 41. Ng3+ Ke6 42. Ne2 Nc4+ 43. Ke4 Rd1 44. Bg3 Rd2 0-1

[Event "*** SCC Grand Prix: Titled Tuesday Blitz"]
[Site "Chess.com"]
[Date "2020.09.08"]
[Round "9"]
[White "tmr88"]
[Black "VladimirBugayev"]
[Result "1-0"]
[WhiteElo "2132"]
[BlackElo "2246"]
[TimeControl "180+1"]
[EndTime "11:46:41 PDT"]
[Termination "tmr88 won on time"]

1. e4 c6 2. d4 d5 3. Nc3 dxe4 4. Nxe4 Nf6 5. Nxf6+ exf6 6. c3 Bd6 7. Bd3 O-O 8.
Qc2 h5 9. Nf3 Bg4 10. Nh4 Re8+ 11. Be3 Nd7 12. h3 Be6 13. O-O-O Qa5 14. b3 c5 15. Nf5 Bxf5 16. Bxf5 Nf8 17. g4 cxd4 18. Bxd4 Bf4+ 19. Kb1 Ne6 20. gxh5 Nxd4 21. Rxd4 Be5 22. Rc4 Rad8 23. Rg1 Bxc3 24. Qxc3 Qxf5+ 25. Qc2 Qxh5 26. Rcg4 g6 27. Rxg6+ fxg6 28. Rxg6+ Kf7 29. Rg1 Rg8 30. Qc7+ 1-0

[Event "*** SCC Grand Prix: Titled Tuesday Blitz"]
[Site "Chess.com"]
[Date "2020.09.08"]
[Round "9"]
[White "Duong57"]
[Black "latixxa"]
[Result "1-0"]
[WhiteElo "2308"]
[BlackElo "2147"]
[TimeControl "180+1"]
[EndTime "11:46:42 PDT"]
[Termination "Duong57 won by resignation"]

1. d4 Nf6 2. c4 e6 3. Nc3 Bb4 4. Qc2 d5 5. cxd5 exd5 6. Bg5 h6 7.
Bh4 g5 8. Bg3 Ne4 9. e3 O-O 10.
Bd3 Bf5 11. Ne2 c5 12. f3 Nxg3 13. hxg3 Bxd3 14. Qxd3 Kg7 15. dxc5 Nc6 16. Nd4 Ne5 17. Nf5+ Kg8 18. Nxh6+ Kg7 19. Nf5+ Kg8 20. Ne7+ Kg7 21. Rh7+ Kf6 22. Qf5+ Kxe7 23. Qxe5+ Kd7 24. O-O-O Kc8 25.
Nxd5 Bxc5 26. Nc3 Qe7 27. Qxe7 Bxe7 28. Nd5 Bc5 29. Kd2 b6 30. b4 Bd6 31. Ke2 Bxg3 32. Ne7+ Kb7 33. Nf5 Bc7 34. Rd7 Rac8 35. Rdxf7 Rxf7 36. Rxf7 Rd8 37. Rg7 Rd5 38. Nd4 Re5 39. b5 Kc8 40.
Nc6 Kb7 41. Nxe5 1-0

[Event "*** SCC Grand Prix: Titled Tuesday Blitz"]
[Site "Chess.com"]
[Date "2020.09.08"]
[Round "9"]
[White "HrvojeZagreb"]
[Black "fabianvivasz"]
[Result "0-1"]
[WhiteElo "2168"]
[BlackElo "2312"]
[TimeControl "180+1"]
[EndTime "11:46:43 PDT"]
[Termination "fabianvivasz won by checkmate"]

1. d4 Nf6 2. Bf4 g6 3. Nc3 d5 4. e3 a6 5. h4 c5 6. Nf3 Nc6 7.
Ne5 cxd4 8. exd4 Qb6 9. Nxc6 Qxb2 10. Na4 Qa3 11. c3 bxc6 12. Bd3 Bg4 13. f3 Bf5 14. Bxf5 gxf5 15. O-O Rg8 16. Qc2 e6 17. Rab1 Nh5 18. Bh2 Qe7 19. Qf2 f4 20. Nc5 Ng3 21. Rb7 Qxh4 22.
Rfb1 Bd6 23. Rd7 Bxc5 24. Rbb7 Ba3 25. Rxf7 Rg6 26. Qe1 Rh6 27. Bxg3 fxg3 28. Qxe6+ Rxe6 29. Rxh7 Re1# 0-1

[Event "*** SCC Grand Prix: Titled Tuesday Blitz"]
[Site "Chess.com"]
[Date "2020.09.08"]
[Round "9"]
[White "WPWPWP-2015"]
[Black "Yoshikrov"]
[Result "1-0"]
[WhiteElo "2415"]
[BlackElo "2106"]
[TimeControl "180+1"]
[EndTime "11:46:43 PDT"]
[Termination "WPWPWP-2015 won by resignation"]

1. e4 c5 2. Nc3 d6 3. d4 cxd4 4. Qxd4 Nc6 5. Qd2 Nf6 6. b3 e6 7. Bb2 Be7 8. O-O-O a6 9. f3 Qc7 10. g4 h6 11. h4 b5 12. Bh3 Bd7 13. Nge2 Rc8 14. g5 Nh5 15. g6 f6 16. f4 b4 17.
Na4 e5 18. Bxd7+ Kxd7 19. f5 Nf4 20. Nxf4 exf4 21. Nc5+ Ke8 22. Ne6 Qa5 23. Nxg7+ Kf8 24. Ne6+ Ke8 25. Kb1 Ne5 26. Qxf4 Qb5 27. Rh2 a5 28.
Qf1 Qc6 29. Nd4 Qc5 30. Qb5+ Qxb5 31. Nxb5 Ng4 32. Rd3 Nxh2 33. Nxd6+ Bxd6 34. Rxd6 Ng4 35. Bxf6 Nxf6 36. Rxf6 h5 37. a4 Rf8 38. Ra6 Rc5 39. f6 Re5 40. Ra8+ Kd7 41. Rxf8 Rxe4 42. g7 1-0

[Event "*** SCC Grand Prix: Titled Tuesday Blitz"]
[Site "Chess.com"]
[Date "2020.09.08"]
[Round "9"]
[White "KyrgyzFighter"]
[Black "M1711"]
[Result "1-0"]
[WhiteElo "2376"]
[BlackElo "2491"]
[TimeControl "180+1"]
[EndTime "11:46:46 PDT"]
[Termination "KyrgyzFighter won by checkmate"]

1. c4 e5 2. Nc3 Nf6 3. Nf3 e4 4. Ng5 b5 5. cxb5 d5 6. d3 h6 7. Nh3 exd3 8. Qxd3 d4 9. Ne4 Bb7 10. Nxf6+ Qxf6 11. Bd2 Nd7 12. O-O-O Ne5 13. Qxd4 Rd8 14.
Qxa7 Nc4 15. Bc3 Rxd1+ 16. Kxd1 Qf5 17. e4 Qd7+ 18. Kc1 Nd6 19. e5 Be7 20. exd6 cxd6 21. Bxg7 Rg8 22. Bc3 Rg4 23. f3 Rh4 24. Bd3 Kf8 25. Re1 Bd8 26. Nf2 Rxh2 27. Ne4 Rxg2 28. Qd4 d5 29. Qh8+ Rg8 30. Qxh6+ Ke7 31. Nc5+ Qe6 32.
Rxe6+ fxe6 33. Qxe6+ Kf8 34. Nd7# 1-0

[Event "*** SCC Grand Prix: Titled Tuesday Blitz"]
[Site "Chess.com"]
[Date "2020.09.08"]
[Round "9"]
[White "AlexandraBotez"]
[Black "mortngabriel"]
[Result "0-1"]
[WhiteElo "2222"]
[BlackElo "2383"]
[TimeControl "180+1"]
[EndTime "11:46:48 PDT"]
[Termination "mortngabriel won by checkmate"]

1. d4 Nf6 2. c4 c5 3. d5 b5 4. cxb5 a6 5. bxa6 g6 6. Nf3 Bg7 7. g3 Bxa6 8. Bg2 d6 9. O-O Nbd7 10. Nc3 Nb6 11. Re1 O-O 12. Rb1 Bc4 13. b3 Nfxd5 14. bxc4 Nxc3 15. Qb3 Nxb1 16. Qxb1 Nxc4 17. Nd2 Nxd2 18.
Bxd2 Rb8 19. Qd3 Rb2 20. Bd5 Rb8 21. Bg5 Qa5 22. Rd1 e6 23. Bc6 d5 24. a4 c4 25. Qe3 d4 26. Qf4 f6 27. Bh6 g5 28.
Qd6 Bxh6 29. Qxe6+ Kh8 30. Rxd4 c3 31. Be4 Qe5 32.
Qd7 f5 33. Bd3 Rbd8 34. Qxd8 Rxd8 35. Rxd8+ Kg7 36. Rc8 g4 37. Rc4 Bd2 38. Rc6 h5 39. Rc4 h4 40. Kg2 h3+ 41. Kf1 Qd5 42. f4 Qg2# 0-1

[Event "*** SCC Grand Prix: Titled Tuesday Blitz"]
[Site "Chess.com"]
[Date "2020.09.08"]
[Round "9"]
[White "CzechmVIII"]
[Black "CalinGheorghiu"]
[Result "0-1"]
[WhiteElo "2168"]
[BlackElo "2324"]
[TimeControl "180+1"]
[EndTime "11:46:48 PDT"]
[Termination "CalinGheorghiu won on time"]

1. e4 e6 2. d4 d5 3. Nc3 Nf6 4.
Bg5 Bb4 5. e5 h6 6. Bc1 Bxc3+ 7.
bxc3 Ne4 8. Qg4 g6 9. Ne2 c5 10. f3 Ng5 11. h4 Nh7 12. Bxh6 Nc6 13. h5 Rg8 14. Bd2 Nf8 15. h6 Nh7 16. Nf4 cxd4 17. cxd4 Nxd4 18. Bd3 Qc7 19. O-O Bd7 20. Nxg6 fxg6 21.
Qxd4 b6 22. f4 Nf8 23. a4 a5 24. Rab1 Rb8 25. Be3 Qc6 26. Rxb6 Rxb6 27. Qxb6 Qxb6 28. Bxb6 Bxa4 29. Bxa5 Nd7 30. h7 Rh8 31. Bxg6+ Ke7 32. Bd3 Kf7 33. Ra1 Nc5 34. Bb4 Nxd3 35. cxd3 Bc2 36. Ra7+ Kg6 0-1

[Event "*** SCC Grand Prix: Titled Tuesday Blitz"]
[Site "Chess.com"]
[Date "2020.09.08"]
[Round "9"]
[White "Spriteball"]
[Black "sasko1234"]
[Result "1-0"]
[WhiteElo "2290"]
[BlackElo "2418"]
[TimeControl "180+1"]
[EndTime "11:46:51 PDT"]
[Termination "Spriteball won by resignation"]

1. c4 Nf6 2. Nc3 d6 3. e4 c6 4.
d4 e5 5. Nf3 Qc7 6. Be2 Bg4 7.
O-O Be7 8. Be3 Nbd7 9. h3 Bh5 10.
Qc2 O-O 11. Rad1 Rfe8 12. a3 a5 13. d5 h6 14. b4 axb4 15. axb4 Bg6 16. Nh4 Bh7 17.
dxc6 bxc6 18. Nf5 Bxf5 19. exf5 d5 20. cxd5 cxd5 21. Qb3 d4 22. Nb5 Qb6 23. Bc1 Nb8 24.
Bc4 Rf8 25. f4 d3+ 26. Kh1 e4 27. Rfe1 Nc6 28. Be3 Qb7 29. g4 Bxb4 30. Rg1 Nh7 31. g5 Kh8 32. Nd6 Qd7 33. Nxf7+ Rxf7 34. Bxf7 Qxf5 35. Be6 Qf8 36. gxh6 gxh6 37. Rg8+ Qxg8 38. Bxg8 Rxg8 39. Qb2+ Rg7 40. Rg1 Bf8 41. Rxg7 Bxg7 42. Qb7 Nd4 43. Qxe4 Ne2 44. Qxd3 Ng3+ 45. Kg2 Nh5 46.
Qd8+ Nf8 47. Bc5 Kg8 48. Qd5+ Kh8 49. Qxh5 1-0

[Event "*** SCC Grand Prix: Titled Tuesday Blitz"]
[Site "Chess.com"]
[Date "2020.09.08"]
[Round "9"]
[White "Th3_Hound"]
[Black "alejogarcia1999"]
[Result "1-0"]
[WhiteElo "2577"]
[BlackElo "2350"]
[TimeControl "180+1"]
[EndTime "11:46:51 PDT"]
[Termination "Th3_Hound won by checkmate"]

1. e4 c5 2. Nf3 e6 3. d4 cxd4 4. Nxd4 Nc6 5. Nc3 Nf6 6. Ndb5 d6 7. Bf4 e5 8. Bg5 a6 9. Na3 b5 10. Nd5 Be7 11. Bxf6 Bxf6 12. c4 b4 13. Nc2 a5 14.
g3 Be6 15. Bg2 O-O 16. O-O Rc8 17. b3 Bxd5 18. Qxd5 Nd4 19. Nxd4 exd4 20. Qf5 Qb6 21. Rad1 a4 22. Rfe1 axb3 23. axb3 Rc5 24. Qg4 Ra5 25. f4 d3+ 26. Kh1 d2 27. Rf1 Bc3 28. f5 f6 29. e5 Rxe5 30. Bd5+ Kh8 31. Qh5 Re1 32. Kg2 Qe3 33. Qf3 Re8 34. Be6 Qe5 35. Rf2 Rxd1 36. Qxd1 Ra8 37. Rxd2 Bxd2 38. Qxd2 Qc5 39.
Bd5 Re8 40. Be6 Ra8 41. Bd5 Ra1 42. Kh3 Qg1 43. Qxb4 h5 44. Qb8+ Kh7 45. Qg8+ Kh6 46. Qh8+ Kg5 47. Qxg7+ Kxf5 48. Qh7+ Ke5 49. Qe4# 1-0

[Event "*** SCC Grand Prix: Titled Tuesday Blitz"]
[Site "Chess.com"]
[Date "2020.09.08"]
[Round "9"]
[White "mishanick"]
[Black "Grandelicious"]
[Result "1-0"]
[WhiteElo "3000"]
[BlackElo "2802"]
[TimeControl "180+1"]
[EndTime "11:46:52 PDT"]
[Termination "mishanick won by resignation"]

1. d4 d5 2. c4 e6 3. Nc3 a6 4. cxd5 exd5 5. Qb3 c5 6. Nf3 c4 7. Qc2 Bb4 8. e4 Nc6 9. a3 Bxc3+ 10. bxc3 Nge7 11. Be2 O-O 12. O-O dxe4 13. Qxe4 Bf5 14. Qf4 b5 15. a4 Qd7 16. Ba3 Nd5 17. Qd2 Rfe8 18. Bc5 Na5 19. Bd1 bxa4 20. Bxa4 Qc7 21. Bxe8 Rxe8 22. Rae1 Rd8 23. Re5 Bd3 24. Rfe1 f6 25.
Re8+ Rxe8 26. Rxe8+ Kf7 27. Rf8+ Kg6 28. g3 h6 29. Qe1 Qd7 30. Ra8 Nb3 31. Rxa6 Kh7 32. Ra7 Qg4 33. Nh4 Nxc3 34. f3 Ne2+ 35. Qxe2 Bxe2 36.
fxg4 c3 37. Ba3 Nxd4 38. Nf5 Nb5 39. Rxg7+ Kh8 40. Bc1 Bd3 41. Rb7 Bxf5 42. Rxb5 1-0

[Event "*** SCC Grand Prix: Titled Tuesday Blitz"]
[Site "Chess.com"]
[Date "2020.09.08"]
[Round "9"]
[White "Mbneu"]
[Black "Bhagya_2312"]
[Result "0-1"]
[WhiteElo "2256"]
[BlackElo "2115"]
[TimeControl "180+1"]
[EndTime "11:46:52 PDT"]
[Termination "Bhagya_2312 won on time"]

1. d4 d5 2. c4 e6 3. Nc3 Be7 4. Nf3 Nf6 5. g3 O-O 6. Bg2 c6 7. O-O Nbd7 8. Qd3 b6 9. b3 Ba6 10. Rd1 Rc8 11. e4 dxe4 12. Nxe4 c5 13. Bb2 Qc7 14.
dxc5 bxc5 15. Nfg5 Nxe4 16. Nxe4 Rcd8 17. Qc3 Nf6 18.
h4 Ne8 19. Ng5 Bf6 20. Qc2 g6 21. Bxf6 Nxf6 22. Qb2 Ng4 23. Bh3 Ne5 24. Re1 Nd3 25. Qc3 Nxe1 26. Rxe1 Rd4 27. Ne4 Qe7 28. h5 Rfd8 29.
Qa5 Bb7 30. Qxc5 Qxc5 31. Nxc5 Bf3 32. Bg2 Bxh5 0-1

[Event "*** SCC Grand Prix: Titled Tuesday Blitz"]
[Site "Chess.com"]
[Date "2020.09.08"]
[Round "9"]
[White "Witik"]
[Black "jeetjain"]
[Result "1-0"]
[WhiteElo "2710"]
[BlackElo "2447"]
[TimeControl "180+1"]
[EndTime "11:46:54 PDT"]
[Termination "Witik won by resignation"]

1. d4 d5 2. Bf4 Nf6 3. e3 e6 4. Nd2 c5 5. c3 Nc6 6. Bd3 Bd6 7.
Bxd6 Qxd6 8. f4 O-O 9. Ngf3 b6 10. O-O Bb7 11. Ne5 Ne7 12. Qf3 Nd7 13. Qh3 g6 14. Ndf3 f6 15. Nxd7 Qxd7 16. g4 a5 17. g5 f5 18. Ne5 Qe8 19. Qg2 Nc6 20. Bb5 Rc8 21.
h4 Qe7 22. Bxc6 Bxc6 23. h5 Be8 24. hxg6 hxg6 25. Kf2 Kg7 26. Rh1 Bb5 27. Rh6 Rh8 28. Nxg6 Qf7 29. Nxh8 Rxh8 30. Rxh8 Kxh8 31. Rh1+ Kg8 32.
Qh3 Qg7 33. Qh6 c4 34. Qxe6+ Kf8 35. Rh6 Be8 36. Rf6+ Bf7 37. g6 1-0

[Event "*** SCC Grand Prix: Titled Tuesday Blitz"]
[Site "Chess.com"]
[Date "2020.09.08"]
[Round "9"]
[White "CrazyMartian"]
[Black "Morshynska"]
[Result "1-0"]
[WhiteElo "2312"]
[BlackElo "2175"]
[TimeControl "180+1"]
[EndTime "11:46:54 PDT"]
[Termination "CrazyMartian won by checkmate"]

1. d4 d5 2. Bf4 c5 3. e3 Nc6 4. c3 Nf6 5. Nd2 e6 6. Ngf3 Bd6 7. Bg3 O-O 8. Bd3 Qe7 9. Ne5 g6 10. f4 Nd7 11. h4 h5 12. Ndf3 Kg7 13. Qe2 Nf6 14. Ng5 Bxe5 15. fxe5 Ng4 16. O-O-O Bd7 17.
Rhf1 Rab8 18. Rf4 c4 19. Bc2 b5 20. Rdf1 Nd8 21. Rxg4 hxg4 22. Qxg4 Rh8 23. Rf6 b4 24. Kd2 bxc3+ 25. bxc3 Be8 26. e4 Rb2 27. exd5 exd5 28. Qf3 Ne6 29. Nxe6+ fxe6 30. Bf4 Rh5 31. Bg5 Qd7 32.
Rf8 Bf7 33. Ra8 Rxa2 34. Qf6+ Kh7 35. Rh8# 1-0

[Event "*** SCC Grand Prix: Titled Tuesday Blitz"]
[Site "Chess.com"]
[Date "2020.09.08"]
[Round "9"]
[White "Andreikka"]
[Black "gmasterkiller"]
[Result "0-1"]
[WhiteElo "2809"]
[BlackElo "2598"]
[TimeControl "180+1"]
[EndTime "11:46:55 PDT"]
[Termination "gmasterkiller won by resignation"]

1. c4 Nf6 2. Nc3 e6 3. e4 d5 4. cxd5 exd5 5. e5 d4 6. exf6 dxc3 7. Nf3 Qxf6 8. dxc3 Bd6 9. Bg5 Qg6 10. Bd3 Bf5 11. Qe2+ Kf8 12. Bxf5 Qxf5 13. O-O Nc6 14. Rfe1 h6 15. Be3 Kg8 16. b4 Kh7 17. Rad1 Rhe8 18. b5 Ne5 19. Nd4 Qg6 20. h3 Kg8 21. a4 a6 22. Kh1 Nd7 23. bxa6 bxa6 24. a5 Qe4 25. Qc4 Qe5 26. Nf3 Qxa5 27. Bd4 Qb5 28. Qa2 Nc5 29. Qd5 Ne6 30. Be3 Qxd5 31. Rxd5 a5 32. Ra1 a4 33. c4 a3 34. Nd2 Reb8 35. c5 Rb5 36. Ne4 Be7 37. Rd7 Bf6 38. Nxf6+ gxf6 39. g4 a2 40.
Rdd1 Nxc5 41. Rd2 Rb1+ 42. Rd1 Rxa1 0-1